 Dungeon Crawl Stone Soup version 0.27-a0-1081-ge8a0a9c698 (webtiles) character file.

Game seed: 9818224568817798198

128 gimp the Shield-Bearer (level 5, -4/42 HPs)
             Began as a Djinni Fighter on Apr 25, 2021.
             Slain by a scorpion (6 damage)
             ... on level 4 of the Dungeon.
             The game lasted 00:06:14 (4218 turns).

gimp the Shield-Bearer (Djinni Fighter)             Turns: 4218, Time: 00:06:15

Health: -4/42      AC:  6    Str: 16    XL:     5   Next: 12%
Gold:   159        EV:  7    Int: 10    God:
                   SH:  9    Dex: 12

rFire    + + .     SeeInvis .   a - +0 war axe
rCold    x . .     Faith    .   c - +0 kite shield
rNeg     . . .     Spirit   .   b - +0 scale mail
rPois    ∞         Reflect  .   (no helmet)
rElec    .         Harm     .   (no cloak)
rCorr    .         Rampage  .   (no gloves)
Will     .....                  (boots unavailable)
Stlth    ..........             (no amulet)
HPRegen  0.14/turn              (no ring)
MPRegen  0.00/turn              (no ring)

@: flying
A: fire resistance 2, cold vulnerability 1, float, innate caster, hp casting,
extra vitality 1
a: no special abilities


You were on level 4 of the Dungeon.
You visited 1 branch of the dungeon, and saw 4 of its levels.

You collected 159 gold pieces.

Inventory:

Hand Weapons
 a - a +0 war axe (weapon)
Missiles
 f - 5 javelins (quivered)
 m - 16 poisoned darts
Armour
 b - a +0 scale mail (worn)
 c - a +0 kite shield (worn)
Jewellery
 l - a ring of wizardry
Scrolls
 k - a scroll of teleportation
Potions
 d - a potion of might
 e - a potion of invisibility
 g - 2 potions of attraction {unknown}
 h - a potion of flight
 i - 2 potions of curing
 j - a potion of heal wounds


   Skills:
 + Level 4.5 Fighting
 - Level 1.5 Axes
 - Level 3.0 Armour
 + Level 4.5 Shields


You had one spell level left.
You knew the following spells:

 Your Spells              Type           Power      Damage    Failure   Level
a - Corona                Hex            0%         N/A       99%         1
b - Ensorcelled Hibernat  Hex/Ice        0%         N/A       100%        2
Your spell library was empty.


Dungeon Overview and Level Annotations

Branches:
Dungeon (4/15)
 Temple: D:4-7

Altars:

Shops:
D:1 [


Innate Abilities, Weirdness & Mutations

You are immune to poison.
Your flesh is very heat resistant. (rF++)
You are vulnerable to cold. (rC-)
You float through the air rather than walking.
You learn spells naturally, not from books.
Your magical power is your life essence.
You have superior vitality. (+4 HP)


Message History

You take 7 damage, and have 28/42 hp.
You hit the scorpion.
The scorpion is lightly wounded.
The scorpion closely misses you. You block the scorpion's attack.
You barely miss the scorpion.
The scorpion is lightly wounded.
The scorpion stings you but does no damage.
The scorpion stings you.
You take 1 damage, and have 27/42 hp.
You barely miss the scorpion.
The scorpion is lightly wounded.
The scorpion stings you but does no damage.
The scorpion stings you. x2
Things that are here:
a +0 short sword; 5 stones; a kobold corpse You take 8 damage, and have 19/42 hp.
You are too injured to fight recklessly!
You are too injured to fight recklessly!
You hit the scorpion but do no damage.
The scorpion is lightly wounded.
The scorpion barely misses you. You block the scorpion's attack.
You barely miss the scorpion.
The scorpion is lightly wounded.
You block the scorpion's attack. The scorpion stings you!
* * * LOW HITPOINT WARNING * * *
You take 7 damage, and have 12/42 hp.
The scorpion barely misses you.
You closely miss the scorpion.
The scorpion is lightly wounded.
The scorpion stings you.
* * * LOW HITPOINT WARNING * * *
The scorpion stings you.
* * * LOW HITPOINT WARNING * * *
You take 3 damage, and have 9/42 hp.
You closely miss the scorpion.
The scorpion is lightly wounded.
The scorpion stings you!
* * * LOW HITPOINT WARNING * * *
The scorpion stings you.
You die...

...... ... #....#
... #....##..
#....... #......
#..... #....# .
#..s)##########..
#...@##..........
#................
+................
#................
#........<.......
#################


You could see a scorpion.

Vanquished Creatures
  An orc priest (D:3)
  A gnoll (D:1)
  2 adders (D:3)
  4 worms
  3 dart slugs
  4 orcs (D:3)
  5 ball pythons
  5 endoplasms (D:1)
  2 giant cockroaches
  2 goblins (D:1)
  3 hobgoblins (D:1)
  7 kobolds
  3 quokkas
  3 bats
  4 frilled lizards
  3 rats (D:2)
52 creatures vanquished.

Notes
Turn   | Place    | Note
-------+----------+-------------------------------------------
     0 | D:1      | gimp the Djinni Fighter began the quest for the Orb.
     0 | D:1      | Reached XP level 1. HP: 20/20 MP: 0/0
   105 | D:1      | Found Ytiopn's Antique Armour Shop.
   252 | D:1      | Reached XP level 2. HP: 17/25 MP: 0/0
   518 | D:1      | Reached XP level 3. HP: 26/30 MP: 0/0
   518 | D:1      | Learned a level 1 spell: Corona
   889 | D:1      | Found a faded altar of an unknown god.
  3087 | D:3      | Reached XP level 4. HP: 8/37 MP: 0/0
  3867 | D:3      | Reached XP level 5. HP: 37/42 MP: 0/0
  3867 | D:3      | Learned a level 2 spell: Ensorcelled Hibernation
  4218 | D:4      | HP: 2/42 [scorpion (7)]
  4218 | D:4      | Slain by a scorpion

Illustrated notes

Levels and vault maps discovered:
D:1:      lightli_arrival_lavapool, layout_loops_ring,
          ebering_ecumenical_altar_box, serial_shops, shop,
          minmay_small_reverse_x
D:2:      minmay_door_path, layout_loops_corners
D:3:      minmay_angry_zag, layout_rooms, eino_tiny_chamber,
          chequers_serial_rivers_micro_a
D:4:      layout_gridville, minmay_misc_feat_plants

Skill      XL: |  1  2  3 |
---------------+----------+-----
Fighting       | 4 |  4.5
Shields        | 4 |  4.5
Axes           | |  1.5
Armour         | |  3.0

Action                   |  1- 3 |  4- 6 || total
-------------------------+-------+-------++-------
Melee: War axe           |   133 |    69 ||   202
  Use: Potion            |     1 |       ||     1
       Scroll            |       |     7 ||     7
Armor: Scale mail        |    58 |    25 ||    83
Dodge: Dodged            |    42 |    23 ||    65
Block: Kite shield       |    70 |    41 ||   111

Table legend: (Time is in decaauts)
 A = Elapsed time spent in this place.
 B = Non-inter-level travel time spent in this place.
 C = Inter-level travel time spent in this place.
 D = Time resting spent in this place.
 E = Time spent auto-exploring this place.
 F = Levels seen in this place.
 G = Mean time per level.
                   A        B        C        D        E       F      G
               +--------+--------+--------+--------+--------+-----+--------+
         Total |   4349 |   4185 |    164 |    283 |   3018 |   4 | 1087.2 |
       Dungeon |   4349 |   4185 |    164 |    283 |   3018 |   4 | 1087.2 |
               +--------+--------+--------+--------+--------+-----+--------+

Top non-repeatable levels by time:
     D:1: 1676 daAuts
     D:2: 1480 daAuts
     D:3: 945 daAuts
     D:4: 247 daAuts
